 Dungeon Crawl Stone Soup version 0.31-a0-188-g5e087ee2ca (webtiles) character file.

Game seed: 4644272923887020719

98 qw the Shooter (level 4, -2/25 HPs)
             Began as a Deep Elf Hunter on June 23, 2023.
             Slain by a goblin
             ... wielding a +0 dagger
             ... led by Robin
              (5 damage)
             ... on level 3 of the Dungeon.
             The game lasted 00:00:29 (1085 turns).

qw the Shooter (Deep Elf Hunter)                    Turns: 1085, Time: 00:00:29

Health: -2/25      AC:  6    Str: 10    XL:     4   Next: 44%
Magic:  6/6        EV: 16    Int: 14    God:
Gold:   99         SH:  0    Dex: 18    Spells: 3/3 levels left

rFire   . . .        f - +0 shortbow (heavy)
rCold   . . .        (shield currently unavailable)
rNeg    . . .        d - +1 ring mail
rPois   .            (no helmet)
rElec   .            (no cloak)
rCorr   .            (no gloves)
SInv    .            (no boots)
Will    .....        (no amulet)
Stlth   +            i - +5 ring of evasion
HPRegen 0.24/turn    (no ring)
MPRegen 0.10/turn

%: no passive effects
@: brilliant
A: no striking features
a: no special abilities


You were on level 3 of the Dungeon.
You visited 1 branch of the dungeon, and saw 3 of its levels.

You collected 99 gold pieces.


   Skills:
 - Level 1.5 Fighting
 + Level 7.9 Ranged Weapons
 - Level 2.4 Dodging
 - Level 1.2 Stealth


You had 3 spell levels left.
You didn't know any spells.
Your spell library was empty.

Inventory:

Hand Weapons
 f - a +0 heavy shortbow (weapon)
Armour
 d - a +1 ring mail (worn)
Jewellery
 i - a +5 ring of evasion (left hand)
Scrolls
 h - a scroll of identify
Potions
 k - a potion of curing

Dungeon Overview and Level Annotations

Branches:
Dungeon (3/15)

Altars:

Shops:
D:1 !


Message History

The goblin hits you but does no damage. Robin throws the goblin at you!
The goblin misses you. The goblin hits you but does no damage.
The hobgoblin closely misses you. The hobgoblin misses you.
The goblin barely misses you. Robin barely misses you.
The goblin closely misses you. The goblin hits you but does no damage.
You shoot an arrow. The arrow hits Robin!
Robin is severely wounded.
The goblin no longer looks unusually strong.
Robin roars a battlecry!
The goblin goes into a battle-frenzy!
The goblin hits you with a +0 club.
The goblin hits you but does no damage. x2
The hobgoblin misses you. The goblin hits you but does no damage.
The hobgoblin completely misses you. The goblin closely misses you.
Robin hits you but does no damage. The goblin completely misses you.
You shoot an arrow. The arrow barely misses Robin.
Robin closely misses you. The goblin barely misses you. The goblin misses you.
The goblin hits you but does no damage.
The hobgoblin hits you but does no damage.
You shoot an arrow. The arrow hits Robin.
You kill Robin!
The goblin no longer looks unusually strong.
The hobgoblin hits you. The goblin completely misses you.
The goblin barely misses you. The goblin hits you but does no damage.
The goblin closely misses you. The hobgoblin barely misses you.
The goblin completely misses you. The goblin barely misses you.
You shoot an arrow. The arrow hits the goblin!
You kill the goblin!
The hobgoblin barely misses you. The goblin misses you.
The goblin closely misses you. x2; The goblin misses you.
The hobgoblin barely misses you. The goblin barely misses you.
You shoot an arrow. The arrow hits the goblin.
You kill the goblin!
The hobgoblin no longer looks unusually strong.
The hobgoblin barely misses you. The goblin hits you but does no damage.
The goblin closely misses you.
You shoot an arrow. The arrow hits the goblin.
You kill the goblin!
The goblin misses you. The hobgoblin completely misses you.
The goblin hits you with a +0 dagger.
You die...

#.##.##.. ..
#.......# ..
#.#)#.#.# .#
#...)...##.#
#.#.#.#)#..#
#...)..)#.#
..#.#.#g).#
#.....g@#.#
###...).).#
#####.)##
##.## #..#
###.## #.<.#
.......###
#######


You could see a hobgoblin and a goblin (strong).

Vanquished Creatures
  Robin (D:3)
  2 adders (D:2)
  3 worms (D:2)
  4 dart slugs
  10 endoplasms
  4 hobgoblins
  3 kobolds
  4 quokkas (D:2)
  4 ball pythons (D:1)
  12 goblins
  5 rats
52 creatures vanquished.

Notes
Turn   | Place    | Note
-------+----------+-------------------------------------------
     0 | D:1      | qw the Deep Elf Hunter began the quest for the Orb.
     0 | D:1      | Reached XP level 1. HP: 12/12 MP: 3/3
     0 | D:1      | 0 ||| qw: Version: 0.3-a-9-g12657ce
     0 | D:1      | 0 ||| qw: Game counter: 3520
     0 | D:1      | 0 ||| qw: Always use a shield: true
     0 | D:1      | 0 ||| qw: God list: Okawaru
     0 | D:1      | 0 ||| qw: Allow faded altars: false
     0 | D:1      | 0 ||| qw: Do Orc after D:15 true
     0 | D:1      | 0 ||| qw: Do second Lair branch before Depths: true
     0 | D:1      | 0 ||| qw: Lair rune preference: random
     0 | D:1      | 0 ||| qw: Plans: Normal
     0 | D:1      | 0 ||| PLANNING D:1-11
   271 | D:1      | Reached skill level 6 in Ranged Weapons
   271 | D:1      | Reached XP level 2. HP: 16/16 MP: 4/4
   326 | D:1      | Found Ote Luqicupo's Distillery.
   338 | D:1      | 338 ||| SHOPLISTING 2 potions of resistance (240 gold, have
                  | 18).
   338 | D:1      | 338 ||| SHOPLISTING potion of curing (36 gold, have 18).
   338 | D:1      | 338 ||| SHOPLISTING potion of haste (120 gold, have 18).
   594 | D:1      | 594 ||| UPGRADING to +0 ring mail.
   604 | D:1      | 604 ||| DROPPING +0 leather armour.
   605 | D:1      | 605 ||| UPGRADING to +5 ring of evasion.
   606 | D:1      | 606 ||| READING scroll labelled OCZODI GAUMO.
   607 | D:1      | 607 ||| READING scroll labelled HUMNEUCOYP.
   608 | D:1      | 608 ||| READING 3 scrolls labelled MINWEU BAAGONN.
   609 | D:1      | 609 ||| READING 2 scrolls labelled XUWICK HAZIOFUDGH.
   610 | D:1      | 610 ||| READING scroll of enchant armour.
   610 | D:1      | 610 ||| ENCHANTING +0 ring mail.
   611 | D:1      | 611 ||| DRINKING 2 viscous sapphire potions.
   612 | D:1      | 612 ||| READING 2 scrolls of identify.
   612 | D:1      | 612 ||| IDENTIFYING bubbling puce potion
   613 | D:1      | 613 ||| DROPPING scroll of butterflies.
   614 | D:1      | 614 ||| DROPPING potion of berserk rage.
   659 | D:2      | Reached XP level 3. HP: 20/20 MP: 5/5
   761 | D:2      | Reached skill level 7 in Ranged Weapons
   892 | D:2      | Reached XP level 4. HP: 25/25 MP: 6/6
  1041 | D:2      | 1041 ||| DRINKING 2 fuming green potions.
  1042 | D:2      | 1042 ||| DROPPING potion of brilliance.
  1071 | D:3      | Noticed Robin
  1077 | D:3      | HP: 6/25 [goblin/+0 dagger[Robin] (5)]
  1082 | D:3      | Killed Robin
  1082 | D:3      | HP: 2/25 [hobgoblin[Robin] (2)]
  1085 | D:3      | Slain by a goblin

Levels and vault maps discovered:
D:1:      heliophobic_arrival_dark_side_of_the_moon, layout_basic, serial_shops,
          nicolae_lakefront_shop
D:2:      layout_rooms, minmay_curled_crystal
D:3:      layout_rooms, serial_glass, glass_columns_b, glass_columns_a,
          glass_columns_a, glass_columns_b, glass_columns_b, glass_columns_a,
          glass_columns_a, glass_columns_b, uniq_robin

Skill      XL: |  1  2  3 |
---------------+----------+-----
Ranged Weapons | 6 7 |  7.9
Fighting       | |  1.5
Dodging        | |  2.4
Stealth        | |  1.2

Action                     |  1- 3 |  4- 6 || total
---------------------------+-------+-------++-------
   Fire: Shortbow          |    68 |    29 ||    97
    Use: Scroll            |     6 |       ||     6
         Potion            |     1 |     1 ||     2
 Armour: Ring mail         |     2 |    15 ||    17
  Dodge: Dodged            |    20 |    49 ||    69

Table legend:
 A = Non-vault XP
 B = Vault XP
 C = Vault XP percentage of total XP
 D = Non-vault monster count
 E = Vault monster count
 F = Vault count percentage of total count
                 A         B        C        D         E       F
            +---------+---------+-------+---------+---------+-------
      Total |     111 |      32 |  22.4 |      41 |      11 |  21.2
            +---------+---------+-------+---------+---------+-------
        D:1 |      20 |       0 |   0.0 |      12 |       0 |   0.0
        D:2 |      90 |       0 |   0.0 |      28 |       0 |   0.0
        D:3 |       1 |      32 |  97.0 |       1 |      11 |  91.7
            +---------+---------+-------+---------+---------+-------
